 Dungeon Crawl Stone Soup version 0.29-a0-22-gbf593b16ee (webtiles) character file.

Game seed: 5167188457830915265

5 soggyman666 the Skirmisher (level 1, -2/20 HPs)
             Began as a Hill Orc Fighter on Jan 29, 2022.
             Slain by a kobold (3 damage)
             ... on level 1 of the Dungeon.
             The game lasted 00:00:16 (49 turns).

soggyman666 the Skirmisher (Hill Orc Fighter)         Turns: 49, Time: 00:00:17

Health: -2/20      AC:  6    Str: 18    XL:     1   Next: 80%
Magic:  1/1        EV:  9    Int:  8    God:
Gold:   0          SH:  4    Dex: 10    Spells: 0/0 levels left

rFire   . . .      SeeInvis .   a - +0 war axe
rCold   . . .      Faith    .   c - +0 buckler
rNeg    . . .      Spirit   .   b - +0 scale mail
rPois   .          Reflect  .   (no helmet)
rElec   .          Harm     .   (no cloak)
rCorr   .          Rampage  .   (no gloves)
Will    .....                   (no boots)
Stlth   ..........              (no amulet)
HPRegen 0.06/turn               (no ring)
MPRegen 0.07/turn               (no ring)

@: no status effects
A: no striking features
a: no special abilities


You were on level 1 of the Dungeon.
You visited 1 branch of the dungeon, and saw 1 of its levels.

Inventory:

Hand Weapons
 a - a +0 war axe (weapon)
Armour
 b - a +0 scale mail (worn)
 c - a +0 buckler (worn)
Jewellery
 e - a +4 ring of protection
Potions
 d - a potion of might


   Skills:
 + Level 3.7 Fighting
 + Level 2.9 Axes
 + Level 3.4 Armour
 + Level 3.3 Shields


You couldn't memorise any spells.
You didn't know any spells.
Your spell library was empty.

Dungeon Overview and Level Annotations

Branches:
Dungeon (1/15)

Altars:


Message History

You are too injured to fight recklessly!
Unknown command.
You are too injured to fight recklessly!
You slash the kobold!
You kill the kobold!
You miss the bat. You barely miss the kobold. You block the bat's attack.
The kobold hits you with a +0 short sword. x2
* * * LOW HITPOINT WARNING * * *
You hit the kobold.
The kobold is severely wounded.
The bat closely misses you. The kobold hits you but does no damage.
The bat hits you but does no damage.
You see here a +0 club.
You barely miss the kobold.
The kobold is severely wounded.
You closely miss the bat. The bat barely misses you.
The bat hits you but does no damage. You block the kobold's attack.
The kobold barely misses you.
A kobold comes into view. It is wielding a +0 vampiric whip.
You slash the bat!
You kill the bat!
You closely miss the kobold.
A bat comes into view.
The kobold throws a stone.
The stone hits you.
* * * LOW HITPOINT WARNING * * *
The kobold hits you with a +0 short sword.
* * * LOW HITPOINT WARNING * * *
The kobold throws a stone.
You block the stone. The bat completely misses you. The bat barely misses you.
The bat misses you.
The kobold throws a stone.
The stone hits you but does no damage. You block the bat's attack.
The bat barely misses you.
You slash the bat!
You kill the bat!
The kobold throws a stone.
The stone hits you.
* * * LOW HITPOINT WARNING * * *
The kobold throws a stone.
The stone closely misses you.
The kobold hits you with a +0 short sword.
You die...

........#.#...[...
...K..#.#...... .... #.#...P.
#.###.#..P.. #.#
####K.##.....P♣ #.##
#.....)..#P♣.♣ ###..##
#........#.P.♣♣
#.....#####............P♣
####.8....##.@K...........#...
#≈≈≈.......#.######.......#
#≈≈≈§.........# #.......#
#>≈≈≈§<8..8...# #...#...#
#≈≈≈≈§........# ##..#...#
#≈≈§.§.......## #..#.....
####.8......## #..♣.♣.♣#
#.......## #..# .# ####...##


You could see 2 kobolds.

Vanquished Creatures
  2 bats (D:1)
  An endoplasm (D:1)
  A kobold (D:1)
  A rat (D:1)
5 creatures vanquished.

Notes
Turn   | Place    | Note
-------+----------+-------------------------------------------
     0 | D:1      | soggyman666 the Hill Orc Fighter began the quest for the
                  | Orb.
     0 | D:1      | Reached XP level 1. HP: 19/19 MP: 1/1
    41 | D:1      | HP: 1/20 [kobold (2)]
    48 | D:1      | HP: 1/20 [kobold/stone (1)]
    49 | D:1      | Slain by a kobold

Illustrated notes

Levels and vault maps discovered:
D:1:      grunt_arrival_lava_bath, layout_basic, serial_forest,
          infiniplex_forest_clump_tiny, infiniplex_forest_zigzag_1,
          infiniplex_forest_clump_tiny, infiniplex_forest_lined_room_,
          infiniplex_forest_clump_long, ebering_ecumenical_altar_sacrificial

Action                   || total
-------------------------++-------
Melee: War axe           ||    11
Armor: Scale mail        ||     5
Dodge: Dodged            ||    12
Block: Buckler           ||    13

Table legend: (Time is in decaauts)
 A = Elapsed time spent in this place.
 B = Non-inter-level travel time spent in this place.
 C = Inter-level travel time spent in this place.
 D = Time resting spent in this place.
 E = Time spent auto-exploring this place.
 F = Levels seen in this place.
 G = Mean time per level.
                   A        B        C        D        E       F      G
               +--------+--------+--------+--------+--------+-----+--------+
         Total |     53 |     53 |      0 |      0 |     17 |   1 |   53.0 |
       Dungeon |     53 |     53 |      0 |      0 |     17 |   1 |   53.0 |
               +--------+--------+--------+--------+--------+-----+--------+

Top non-repeatable levels by time:
     D:1: 53 daAuts
